[Event "ICC tourney 2415 (40 10)"]
[Site "Internet Chess Club"]
[Date "2021.02.28"]
[Round "2"]
[White "MURUGAN AYYAPPAN, ADHIRAIYAN:adma2028"]
[Black "BUDHABHATTI, SHESH:bshesh131"]
[Result "1/2-1/2"]
[ICCResult "Game drawn by mutual agreement"]
[WhiteElo "1416"]
[BlackElo "1033"]
[Opening "Queen's pawn, Mason variation"]
[ECO "D00"]
[NIC "QP.08"]
[Time "13:16:29"]
[PlyCount "98"]
[TimeControl "2400+10"]

1. d4 d5 2. Bf4 Nc6 3. Nf3 Nf6 4. e3 g6 5. Nbd2 Bg7 6. Nb3 O-O 7. Bd3 Nd7
8. Bb5 e5 9. dxe5 Ncxe5 10. Bxd7 Nxf3+ 11. Qxf3 Qxd7 12. c3 Re8 13. O-O c6
14. Rfd1 h5 15. h3 Qe7 16. Bh2 Qe4 17. Qxe4 Rxe4 18. Nd4 a5 19. Ne2 Bf6 20.
Bd6 b5 21. a3 a4 22. Bc5 Bd7 23. Bd4 Bd8 24. Ng3 Re8 25. Bc5 f6 26. f3 Kf7
27. e4 Bc7 28. Ne2 Re5 29. Bf2 Re7 30. Bc5 Ree8 31. Nc1 Be6 32. exd5 Bxd5
33. Nd3 Bb3 34. Re1 Bg3 35. Rxe8 Rxe8 36. Bf2 Bxf2+ 37. Kxf2 Bc4 38. Rd1 h4
39. Rd2 Rd8 40. Ke2 Ke6 41. Ke3 Rxd3+ 42. Rxd3 Bxd3 43. Kxd3 g5 44. Ke4 f5+
45. Kd4 Kd6 46. c4 c5+ 47. Kd3 b4 48. Ke3 Ke5 49. Kd3 f4 { Game drawn by
mutual agreement } 1/2-1/2

[Event "ICC tourney 2415 (40 10)"]
[Site "Internet Chess Club"]
[Date "2021.02.28"]
[Round "3"]
[White "Zhang, Oscar Yihang:oscaryhz"]
[Black "ADUSUMALLI, ANIRUDH SAI:Anichess2009"]
[Result "1-0"]
[ICCResult "Black resigns"]
[WhiteElo "986"]
[BlackElo "838"]
[Opening "Pirc defense"]
[ECO "B07"]
[NIC "PU.08"]
[Time "15:39:38"]
[PlyCount "35"]
[TimeControl "2400+10"]

1. e4 d6 2. d4 Nf6 3. Nc3 Nc6 4. Nf3 g6 5. Bc4 e6 6. Bg5 Bg7 7. Bb5 Bd7 8.
e5 h6 9. exf6 hxg5 10. fxg7 Rg8 11. O-O a6 12. Bxc6 Bxc6 13. d5 exd5 14.
Re1+ Kd7 15. Nxd5 Bxd5 16. Qxd5 c6 17. Qxf7+ Qe7 18. Rxe7+ { Black resigns
} 1-0

[Event "ICC tourney 2415 (40 10)"]
[Site "Internet Chess Club"]
[Date "2021.02.28"]
[Round "3"]
[White "Zhang, Jerry:jerryjhzhang"]
[Black "Murthy, Varsha:vsmurthy"]
[Result "1-0"]
[ICCResult "Black checkmated"]
[WhiteElo "824"]
[BlackElo "199"]
[Opening "Ruy Lopez: Berlin defense, open variation"]
[ECO "C67"]
[NIC "RL.07"]
[Time "15:31:49"]
[PlyCount "95"]
[TimeControl "2400+10"]

1. e4 e5 2. Nf3 Nc6 3. Bb5 Nf6 4. O-O Nxe4 5. Re1 Nf6 6. Bxc6 dxc6 7. Rxe5+
Be7 8. d4 c5 9. Nc3 cxd4 10. Nxd4 c5 11. Rxe7+ Kf8 12. Ne6+ Bxe6 13. Rxb7
Qxd1+ 14. Nxd1 Rd8 15. Nc3 Ne4 16. Be3 c4 17. Nxe4 g6 18. Rxa7 Kg7 19. b3
Rd7 20. Rxd7 Bxd7 21. bxc4 Re8 22. Nd6 Re5 23. Bd4 Kf6 24. Bxe5+ Kxe5 25.
Nxf7+ Ke6 26. Ng5+ Kf5 27. Nxh7 Ke4 28. Nf6+ Ke5 29. Nxd7+ Ke6 30. a4 Kxd7
31. a5 Kc7 32. a6 Kb8 33. a7+ Ka8 34. h4 g5 35. c5 gxh4 36. c6 h3 37. c7
h2+ 38. Kh1 Kb7 39. a8=Q+ Kxc7 40. Ra7+ Kd6 41. Qc8 Kd5 42. Qc3 Kd6 43. Ra4
Kd7 44. Qf6 Kc8 45. Qf7 Kb8 46. Rb4+ Kc8 47. Rb7 Kd8 48. Qd7# { Black
checkmated } 1-0

[Event "ICC tourney 2415 (40 10)"]
[Site "Internet Chess Club"]
[Date "2021.02.28"]
[Round "3"]
[White "RAVINUTALA, NITYA:nitya2006"]
[Black "PALCHEVSKIY, ANDREW:alexbelaya"]
[Result "0-1"]
[ICCResult "White checkmated"]
[WhiteElo "926"]
[BlackElo "1146"]
[Opening "Giuoco Pianissimo"]
[ECO "C55"]
[NIC "IG.01"]
[Time "15:31:43"]
[PlyCount "68"]
[TimeControl "2400+10"]

1. e4 e5 2. Nf3 Nc6 3. Bc4 Nf6 4. d3 Bc5 5. c3 d6 6. d4 exd4 7. cxd4 Bb4+
8. Bd2 Nxe4 9. Bxb4 Nxb4 10. Nc3 Nxc3 11. bxc3 Qe7+ 12. Be2 Nc6 13. O-O O-O
14. Re1 Bd7 15. Bd3 Qf6 16. h3 Rfe8 17. Rxe8+ Rxe8 18. Qc2 h6 19. Re1 Rxe1+
20. Nxe1 Ne7 21. Nf3 Bf5 22. Qd2 Bxd3 23. Qxd3 Qf5 24. Qc4 Qb1+ 25. Kh2 Qb6
26. Nh4 d5 27. Qe2 Qd6+ 28. Kg1 Qf6 29. g3 Qe6 30. Qb2 b6 31. Qd2 Qxh3 32.
Qd1 Nf5 33. g4 Nxh4 34. Qf1 Nf3# { White checkmated } 0-1

[Event "ICC tourney 2415 (40 10)"]
[Site "Internet Chess Club"]
[Date "2021.02.28"]
[Round "3"]
[White "GUO, MAX:salamenceg"]
[Black "EHRENBERG, JOSHUA BROOKES:joshebow"]
[Result "1-0"]
[ICCResult "Black checkmated"]
[WhiteElo "1069"]
[BlackElo "880"]
[Opening "Petrov's defense"]
[ECO "C42"]
[NIC "RG.03"]
[Time "15:31:47"]
[PlyCount "93"]
[TimeControl "2400+10"]

1. e4 e5 2. Nf3 Nf6 3. Nxe5 Qe7 4. Nf3 Nxe4 5. Qe2 Nf6 6. Nc3 d5 7. d4 Nc6
8. Bf4 Bf5 9. O-O-O O-O-O 10. Qb5 Qb4 11. a3 a6 12. Qxb4 Nxb4 13. axb4 Bxb4
14. Ne5 Rhf8 15. Bd3 Bxd3 16. Rxd3 Bd6 17. Bg3 Rde8 18. Nf3 Ne4 19. Bxd6
Nxd6 20. Nxd5 Ne4 21. Re1 Nxf2 22. Rxe8+ Rxe8 23. Re3 Ne4 24. Nd2 c6 25.
Nxe4 cxd5 26. Nd6+ Kd7 27. Rxe8 Kxd6 28. Rb8 Kc6 29. Rh8 h6 30. Rg8 g5 31.
Rh8 f5 32. Rxh6+ Kb5 33. Rh7 f4 34. Rxb7+ Kc6 35. Rg7 Kb5 36. Rxg5 Kc4 37.
c3 Kb3 38. Rxd5 a5 39. Rxa5 f3 40. gxf3 Kc4 41. Rc5+ Kb3 42. d5 Ka2 43. d6
Kb3 44. d7 Ka2 45. d8=Q Kb3 46. Qb8+ Ka4 47. Qb5# { Black checkmated } 1-0

[Event "ICC tourney 2415 (40 10)"]
[Site "Internet Chess Club"]
[Date "2021.02.28"]
[Round "3"]
[White "HELLER, RICHIE:RichieHeller"]
[Black "Nori, YOGA KAUSTHUBHA KRISHNA:Harithaananth"]
[Result "1-0"]
[ICCResult "Black checkmated"]
[WhiteElo "841"]
[BlackElo "1036"]
[Opening "Four knights: Italian variation"]
[ECO "C55"]
[NIC "IG.01"]
[Time "15:32:15"]
[PlyCount "67"]
[TimeControl "2400+10"]

1. e4 e5 2. Nf3 Nc6 3. Bc4 Nf6 4. Nc3 Nxe4 5. Nxe4 d5 6. Bxd5 Qxd5 7. d3
Bg4 8. h3 Bxf3 9. Qxf3 Nd4 10. Qd1 Be7 11. c3 Nc6 12. O-O O-O 13. Qf3 f5
14. Nf6+ Rxf6 15. Qxd5+ Kh8 16. Bg5 Rd6 17. Qb5 Bxg5 18. Qxb7 Rad8 19. Qxc7
R8d7 20. Qc8+ Rd8 21. Qxf5 Bf6 22. f4 exf4 23. Rxf4 Rxd3 24. Qc5 R3d6 25.
Raf1 Ne5 26. Qxe5 h6 27. Rxf6 gxf6 28. Rxf6 Rd1+ 29. Rf1+ Kh7 30. Rxd1
Rxd1+ 31. Kh2 Rd2 32. Qe7+ Kg6 33. Qe4+ Kh5 34. Qg4# { Black checkmated }
1-0

[Event "ICC tourney 2415 (40 10)"]
[Site "Internet Chess Club"]
[Date "2021.02.28"]
[Round "3"]
[White "BUDHABHATTI, SHESH:bshesh131"]
[Black "BAI, JEFFREY:Jeffchess"]
[Result "1-0"]
[ICCResult "Black checkmated"]
[WhiteElo "1033"]
[BlackElo "1227"]
[Opening "English opening"]
[ECO "A13"]
[NIC "EO.64"]
[Time "15:32:01"]
[PlyCount "83"]
[TimeControl "2400+10"]

1. c4 e6 2. Nc3 a6 3. g3 h6 4. Bg2 Bc5 5. e3 Bb4 6. Nge2 Nf6 7. O-O c6 8.
e4 e5 9. d3 c5 10. Nd5 Nxd5 11. exd5 d6 12. f4 Nd7 13. fxe5 Nxe5 14. d4
cxd4 15. Qa4+ b5 16. Qxb4 d3 17. Nd4 Qb6 18. Be3 Nxc4 19. Rae1 O-O 20. Bf4
Qxd4+ 21. Rf2 Qc5 22. Qxc5 dxc5 23. b3 g5 24. bxc4 gxf4 25. Rxf4 b4 26. Be4
Bd7 27. Bxd3 Rfe8 28. Ref1 Bh3 29. Rd1 Kg7 30. g4 Re3 31. Kf2 Rae8 32. d6
R3e6 33. d7 Rd8 34. Bf5 Rf6 35. Kg3 Bxg4 36. Kxg4 a5 37. Re4 h5+ 38. Kg5
Rh6 39. Re8 f6+ 40. Kf4 Rh8 41. Rg1+ Kf7 42. Be6# { Black checkmated } 1-0

[Event "ICC tourney 2415 (40 10)"]
[Site "Internet Chess Club"]
[Date "2021.02.28"]
[Round "3"]
[White "PRAMOD, PRANAVI:deepra872"]
[Black "BHOSALE, ARNAV:avbhosale"]
[Result "1-0"]
[ICCResult "Black checkmated"]
[WhiteElo "941"]
[BlackElo "531"]
[Opening "Queen's pawn, Mason variation"]
[ECO "D00"]
[NIC "QP.08"]
[Time "15:31:50"]
[PlyCount "115"]
[TimeControl "2400+10"]

1. d4 d5 2. Bf4 Nc6 3. e3 Nf6 4. Nf3 Bf5 5. Bd3 e6 6. Nc3 Bb4 7. O-O Ne4 8.
Bxe4 dxe4 9. Nd2 Bxc3 10. bxc3 g5 11. Bg3 h5 12. h3 h4 13. Bh2 Rg8 14. f3
exf3 15. Qxf3 Qe7 16. Rab1 g4 17. hxg4 Bxg4 18. Qf6 h3 19. Qxe7+ Nxe7 20.
Rf2 hxg2 21. Rxg2 O-O-O 22. e4 Bh3 23. Rg3 f5 24. Kf2 Rxg3 25. Bxg3 fxe4
26. Nxe4 Bf5 27. Kf3 Bxe4+ 28. Kxe4 c6 29. Rf1 Rd7 30. Rf8+ Rd8 31. Rxd8+
Kxd8 32. Bh4 Kd7 33. Bxe7 Kxe7 34. Ke5 Kd7 35. c4 b5 36. c5 a5 37. Kf6 b4
38. Kf7 a4 39. Kf6 Kc7 40. Kxe6 Kb7 41. d5 cxd5 42. Kxd5 Ka6 43. Kd6 Kb5
44. c6 Kc4 45. c7 b3 46. c8=Q+ Kb4 47. cxb3 axb3 48. axb3 Kxb3 49. Kd5 Kb4
50. Qc5+ Kb3 51. Kd4 Kb2 52. Kd3 Kb3 53. Qc3+ Ka4 54. Qb2 Ka5 55. Kc4 Ka6
56. Kc5 Ka7 57. Kc6 Ka8 58. Qb7# { Black checkmated } 1-0

[Event "ICC tourney 2415 (40 10)"]
[Site "Internet Chess Club"]
[Date "2021.02.28"]
[Round "3"]
[White "HARVEY, JAMES Slade:JamesS"]
[Black "SAPRU, AGASTYA:auggie29"]
[Result "1-0"]
[ICCResult "Black checkmated"]
[WhiteElo "1364"]
[BlackElo "1306"]
[Opening "Sicilian defense"]
[ECO "B20"]
[NIC "SI.48"]
[Time "15:31:48"]
[PlyCount "63"]
[TimeControl "2400+10"]

1. e4 c5 2. b3 Nc6 3. Nf3 e6 4. d4 cxd4 5. Nxd4 Bc5 6. Bb2 Nf6 7. Nxc6 bxc6
8. Bd3 d5 9. e5 Nd7 10. Nd2 Qb6 11. O-O Bd4 12. Bxd4 Qxd4 13. Nf3 Qc5 14.
c4 dxc4 15. Bxc4 Nxe5 16. Nxe5 Qxe5 17. Re1 Qc7 18. Rc1 O-O 19. Qf3 Bb7 20.
Qh5 Rad8 21. Rc3 Qe7 22. Rh3 h6 23. Rg3 Kh7 24. Qe5 g6 25. Qe3 c5 26. Rh3
g5 27. Bd3+ f5 28. g4 Qf7 29. Qxg5 Qf6 30. Bxf5+ exf5 31. Re7+ Qxe7 32.
Rxh6# { Black checkmated } 1-0

[Event "ICC tourney 2415 (40 10)"]
[Site "Internet Chess Club"]
[Date "2021.02.28"]
[Round "3"]
[White "FRIEDMAN, WILLIAM:Wfriedman24"]
[Black "SPERBER, JACOB:jacobsperber"]
[Result "1-0"]
[ICCResult "Black checkmated"]
[WhiteElo "1308"]
[BlackElo "1447"]
[Opening "Sicilian defense"]
[ECO "B20"]
[NIC "SI.48"]
[Time "15:31:43"]
[PlyCount "111"]
[TimeControl "2400+10"]

1. e4 c5 2. Bc4 e6 3. Nf3 Nc6 4. O-O d5 5. exd5 exd5 6. Bb5 Bd7 7. Bxc6
Bxc6 8. d4 cxd4 9. Nxd4 Nf6 10. Bg5 Be7 11. Re1 O-O 12. Nf5 Bc5 13. Nc3 d4
14. Ne4 Bxe4 15. Rxe4 Qd5 16. Rf4 Ne4 17. Qh5 g6 18. Qg4 Rfe8 19. Nh6+ Kg7
20. Rxf7+ Kh8 21. Bf6+ Nxf6 22. Rxf6 Kg7 23. Rf7+ Kxh6 24. Qf4+ Qg5 25.
Rxh7+ Kxh7 26. Qxg5 Bd6 27. Qh4+ Kg8 28. Qxd4 Rad8 29. Qxa7 Re2 30. Qxb7
Rde8 31. g3 R8e6 32. Rd1 Rxc2 33. Qb3 Re2 34. Rxd6 Kf7 35. Rxe6 Rxe6 36.
Qxe6+ Kxe6 37. Kg2 g5 38. Kf3 g4+ 39. Kxg4 Kf6 40. a4 Ke7 41. a5 Kd8 42. h4
Kc7 43. h5 Kb7 44. h6 Ka6 45. h7 Kxa5 46. h8=Q Ka4 47. Qb8 Ka5 48. b4+ Ka4
49. b5 Ka3 50. b6 Ka2 51. b7 Ka1 52. Qa8+ Kb2 53. b8=Q+ Kc3 54. Qc6+ Kd4
55. Qd8+ Ke5 56. Qcd5# { Black checkmated } 1-0

[Event "ICC tourney 2415 (40 10)"]
[Site "Internet Chess Club"]
[Date "2021.02.28"]
[Round "3"]
[White "Kwok, Charlene:chakwo456"]
[Black "HELLER, JACK G:Maximusiv"]
[Result "0-1"]
[ICCResult "White checkmated"]
[WhiteElo "1154"]
[BlackElo "932"]
[Opening "Scandinavian defense"]
[ECO "B01"]
[NIC "SD.03"]
[Time "15:31:45"]
[PlyCount "142"]
[TimeControl "2400+10"]

1. e4 d5 2. exd5 Nf6 3. Nc3 Nxd5 4. Nxd5 Qxd5 5. Nf3 Nc6 6. d4 Bg4 7. Be2
O-O-O 8. c3 f6 9. Bf4 e5 10. dxe5 fxe5 11. Qxd5 Rxd5 12. Be3 e4 13. Nd4
Bxe2 14. Kxe2 Ne5 15. Rad1 c6 16. Ne6 Nd3 17. Bxa7 Nxb2 18. Rxd5 cxd5 19.
Nf4 Bd6 20. Nxd5 Rd8 21. Rc1 Bxh2 22. c4 Be5 23. Nb6+ Kc7 24. Nd5+ Kc8 25.
Nc3 Nxc4 26. Nxe4 b5 27. Nd2 Kb7 28. Nxc4 bxc4 29. Be3 c3 30. f4 Bf6 31.
Rc2 Ka6 32. Kf3 Ka5 33. Bc1 Ka4 34. g4 Kb4 35. g5 Bd4 36. Rh2 Ra8 37. Ke4
Kc4 38. a3 Rh8 39. a4 g6 40. a5 Re8+ 41. Kf3 Ra8 42. Rxh7 Rxa5 43. Ke4 Ra1
44. Be3 Bxe3 45. Kxe3 Re1+ 46. Kf2 Re6 47. Rc7+ Kd3 48. Kf3 Re3+ 49. Kf2
Re2+ 50. Kf3 Re3+ 51. Kf2 Kd2 52. Rd7+ Rd3 53. Rc7 c2 54. Rxc2+ Kxc2 55.
Ke2 Rh3 56. Kf2 Kd3 57. Kg2 Re3 58. Kf2 Ke4 59. f5 gxf5 60. g6 f4 61. g7
Rg3 62. g8=Q Rxg8 63. Ke2 Ra8 64. Kd2 f3 65. Kc3 f2 66. Kc4 f1=Q+ 67. Kc5
Rd8 68. Kc6 Qc1+ 69. Kb7 Rd2 70. Kb6 Rb2+ 71. Ka5 Qa1# { White checkmated }
0-1

[Event "ICC tourney 2415 (40 10)"]
[Site "Internet Chess Club"]
[Date "2021.02.28"]
[Round "3"]
[White "JACOBS, STEVE:Steviejay"]
[Black "STONE, GILBERT L:tightfist"]
[Result "1/2-1/2"]
[ICCResult "Game drawn because neither player has mating material"]
[WhiteElo "1429"]
[BlackElo "1411"]
[Opening "Queen's pawn game"]
[ECO "A46"]
[NIC "QP.06"]
[Time "15:32:37"]
[PlyCount "129"]
[TimeControl "2400+10"]

1. d4 Nf6 2. Nf3 c6 3. Bg5 d5 4. Nbd2 Nbd7 5. e3 e6 6. Bd3 Be7 7. O-O O-O
8. c3 c5 9. Re1 Re8 10. e4 dxe4 11. Nxe4 cxd4 12. Nxd4 Nxe4 13. Bxe7 Qxe7
14. Bxe4 Nf6 15. Bc2 Qc5 16. Nf3 b6 17. Ne5 Bb7 18. Nd7 Qg5 19. Nxf6+ Qxf6
20. Qh5 g6 21. Qh6 Rad8 22. Rad1 Rd5 23. Rxd5 Bxd5 24. h4 Qg7 25. Qf4 e5
26. Qd2 Be6 27. Ba4 Rf8 28. Qd6 Qf6 29. Qxe5 Qxh4 30. Re4 Qh6 31. Re1 Qd2
32. Qe2 Rd8 33. a3 Qxe2 34. Rxe2 Kf8 35. f3 Bc4 36. Rc2 b5 37. b3 bxa4 38.
bxc4 Rc8 39. Kf2 Rxc4 40. Ke3 h6 41. Kd3 Rh4 42. c4 Ke7 43. c5 Kd7 44. g4
Rh3 45. Ke3 Kc6 46. Rc4 Rh1 47. Rxa4 Kxc5 48. Rxa7 Re1+ 49. Kf4 Ra1 50. a4
Kb6 51. Rxf7 Rxa4+ 52. Kg3 Rc4 53. Rf6+ Rc6 54. Rxc6+ Kxc6 55. Kf4 Kd6 56.
Ke4 Ke6 57. f4 Kf6 58. Kf3 h5 59. gxh5 gxh5 60. Kg3 Kf5 61. Kh4 Kg6 62. f5+
Kh6 63. f6 Kg6 64. f7 Kxf7 65. Kxh5 { Game drawn because neither player has
mating material } 1/2-1/2

[Event "ICC tourney 2415 (40 10)"]
[Site "Internet Chess Club"]
[Date "2021.02.28"]
[Round "3"]
[White "GILILLAND, JESSE:ThirstyMonster"]
[Black "SHEN, CHARLES:charlesshen"]
[Result "1-0"]
[ICCResult "Black checkmated"]
[WhiteElo "1283"]
[BlackElo "1354"]
[Opening "QGD: Grau (Sahovic) defense"]
[ECO "D06"]
[NIC "QP.08"]
[Time "15:31:48"]
[PlyCount "131"]
[TimeControl "2400+10"]

1. d4 d5 2. c4 Bf5 3. Nc3 e6 4. Nf3 Nc6 5. a3 Nf6 6. Bg5 Be7 7. e3 h6 8.
Bf4 Bd6 9. Bxd6 Qxd6 10. Bd3 Bxd3 11. Qxd3 O-O 12. O-O Rad8 13. c5 Qe7 14.
b4 e5 15. dxe5 Nxe5 16. Nxe5 Qxe5 17. Ne2 c6 18. Nd4 Rfe8 19. b5 cxb5 20.
Qxb5 Qc7 21. Rab1 Re7 22. Rfc1 Ng4 23. h3 Qh2+ 24. Kf1 Ne5 25. Nf5 Red7 26.
Ng3 h5 27. Qb2 Nd3 28. Qd4 Nxc1 29. Rxc1 Re7 30. Nf5 Re5 31. Ng3 Rg5 32.
Qh4 f6 33. Rd1 Rc8 34. Qd4 h4 35. Qxh4 Rxc5 36. Qa4 b5 37. Qb3 Rxg3 38.
fxg3 Qxg3 39. Rxd5 Rxd5 40. Qxd5+ Kh8 41. Qa8+ Kh7 42. Qxa7 Qe5 43. Qd4
Qf5+ 44. Kg1 Kg6 45. Kh2 Kg5 46. Kg3 Qb1 47. Kf3 Qf1+ 48. Kg3 Qe1+ 49. Kh2
Qa5 50. Qc5+ Kg6 51. e4 Qa4 52. Qf5+ Kh6 53. h4 Qxa3 54. h5 Qd6+ 55. Kh3
Qd3+ 56. g3 Qf1+ 57. Qxf1 Kxh5 58. Qxb5+ Kg6 59. g4 Kf7 60. g5 fxg5 61.
Qxg5 g6 62. e5 Kg7 63. e6 Kh8 64. e7 Kg7 65. e8=Q Kh7 66. Qgxg6# { Black
checkmated } 1-0

[Event "ICC tourney 2415 (40 10)"]
[Site "Internet Chess Club"]
[Date "2021.02.28"]
[Round "4"]
[White "ADUSUMALLI, ANIRUDH SAI:Anichess2009"]
[Black "ZHANG, EMILY:emilyz"]
[Result "1-0"]
[ICCResult "Black checkmated"]
[WhiteElo "838"]
[BlackElo "202"]
[Opening "King's pawn game"]
[ECO "C50"]
[NIC "IG.03"]
[Time "17:46:38"]
[PlyCount "33"]
[TimeControl "2400+10"]

1. e4 e5 2. Nf3 Nc6 3. Bc4 a6 4. d3 b5 5. Bd5 Nce7 6. Bxa8 Ng6 7. Bd5 c6 8.
Bb3 a5 9. a4 bxa4 10. Rxa4 Bb4+ 11. c3 Bd6 12. Ng5 Nh4 13. O-O f6 14. Nf7
Qe7 15. Nxd6+ Qxd6 16. Qh5+ Kf8 17. Qf7# { Black checkmated } 1-0

[Event "ICC tourney 2415 (40 10)"]
[Site "Internet Chess Club"]
[Date "2021.02.28"]
[Round "4"]
[White "RAVINUTALA, VIVEK:vivek2009"]
[Black "RAVINUTALA, NITYA:nitya2006"]
[Result "0-1"]
[ICCResult "White checkmated"]
[WhiteElo "808"]
[BlackElo "926"]
[Opening "Sicilian: Labourdonnais-Löwenthal variation"]
[ECO "B32"]
[NIC "SI.32"]
[Time "17:46:26"]
[PlyCount "124"]
[TimeControl "2400+10"]

1. e4 c5 2. Nf3 Nc6 3. d4 cxd4 4. Nxd4 e5 5. Nf3 Nf6 6. Bg5 Be7 7. Bd3 d5
8. Bxf6 Bxf6 9. Nc3 d4 10. Nd5 Bg4 11. O-O O-O 12. h3 Be6 13. Nxf6+ Qxf6
14. Qd2 Qg6 15. Qg5 Qxg5 16. Nxg5 Bd7 17. Bb5 h6 18. Bxc6 Bxc6 19. Nf3 Bxe4
20. Nxe5 Bxc2 21. Rac1 Bf5 22. Rc4 Rad8 23. Nf3 Be6 24. Rxd4 Rxd4 25. Nxd4
Bxa2 26. Ra1 Rd8 27. Rxa2 Rxd4 28. Rxa7 Rb4 29. Ra2 g5 30. g4 Kg7 31. Kh2
Kg6 32. Kg3 f5 33. f3 f4+ 34. Kg2 Kf6 35. Kf2 Ke5 36. Ke2 Kd4 37. Kd2 Kc4
38. Kc2 b6 39. Ra3 Kd4 40. b3 Ke3 41. Ra4 Rxa4 42. bxa4 Kxf3 43. Kb3 Kg3
44. Kb4 f3 45. Kb5 f2 46. Kxb6 f1=Q 47. a5 Qf6+ 48. Kb5 Qd6 49. a6 Qb8+ 50.
Ka5 Kxh3 51. Ka4 Qb6 52. a7 Qxa7+ 53. Kb5 Kxg4 54. Kc6 Kf5 55. Kd5 Qd7+ 56.
Kc4 Ke4 57. Kc5 Qd5+ 58. Kb6 Kd4 59. Kc7 Kc5 60. Kb8 Qf7 61. Kc8 Kc6 62.
Kb8 Qb7# { White checkmated } 0-1

[Event "ICC tourney 2415 (40 10)"]
[Site "Internet Chess Club"]
[Date "2021.02.28"]
[Round "4"]
[White "BAI, JEFFREY:Jeffchess"]
[Black "HELLER, RICHIE:RichieHeller"]
[Result "1-0"]
[ICCResult "Black checkmated"]
[WhiteElo "1227"]
[BlackElo "841"]
[Opening "Evans gambit"]
[ECO "C52"]
[NIC "IG.05"]
[Time "17:46:24"]
[PlyCount "157"]
[TimeControl "2400+10"]

1. e4 e5 2. Nf3 Nc6 3. Bc4 Bc5 4. b4 Bxb4 5. c3 Ba5 6. d4 exd4 7. O-O Nf6
8. Ba3 d6 9. e5 dxe5 10. Re1 Bg4 11. Nxe5 Nxe5 12. Rxe5+ Kd7 13. Qxd4+ Kc8
14. f3 Qxd4+ 15. cxd4 Be6 16. Bxe6+ fxe6 17. Rxa5 b6 18. Rg5 g6 19. Nc3 Kb7
20. Be7 Nd7 21. Re1 Rhe8 22. Rxe6 Nf8 23. Re2 h6 24. Rge5 Nd7 25. Re6 c5
26. Ne4 Nf8 27. Bxf8 Rxe6 28. Nxc5+ bxc5 29. Rxe6 Rxf8 30. dxc5 Rd8 31. c6+
Kc7 32. Rxg6 Rd1+ 33. Kf2 Rd2+ 34. Kg3 Rxa2 35. Rxh6 Rc2 36. h4 a5 37. Rh5
a4 38. Ra5 Rxc6 39. Rxa4 Rh6 40. Rg4 Kd6 41. f4 Ke7 42. f5 Kf6 43. Kf4 Rh5
44. Rg5 Rxh4+ 45. g4 Rh1 46. Rg6+ Kf7 47. Kg5 Rf1 48. f6 Ra1 49. Rg7+ Kf8
50. Kg6 Rg1 51. g5 Rf1 52. Ra7 Re1 53. Ra8+ Re8 54. Rxe8+ Kxe8 55. Kg7 Kd7
56. Kf7 Kd6 57. g6 Ke5 58. g7 Kf5 59. g8=N Kg5 60. Kg7 Kf5 61. f7 Ke6 62.
f8=R Ke5 63. Rf1 Ke6 64. Nh6 Ke5 65. Ng4+ Ke4 66. Rd1 Kf4 67. Nf6 Ke5 68.
Nd7+ Ke4 69. Nc5+ Ke5 70. Nd3+ Ke4 71. Nb2 Ke5 72. Kf7 Ke4 73. Ke6 Ke3 74.
Ke5 Ke2 75. Rd3 Kf2 76. Kf4 Ke2 77. Kg3 Ke1 78. Kf3 Kf1 79. Rd1# { Black
checkmated } 1-0

[Event "ICC tourney 2415 (40 10)"]
[Site "Internet Chess Club"]
[Date "2021.02.28"]
[Round "4"]
[White "SHEN, CHARLES:charlesshen"]
[Black "PRAMOD, PRANAVI:deepra872"]
[Result "1-0"]
[ICCResult "Black checkmated"]
[WhiteElo "1354"]
[BlackElo "941"]
[Opening "French defense, Steiner variation"]
[ECO "C00"]
[NIC "FR.01"]
[Time "17:46:40"]
[PlyCount "63"]
[TimeControl "2400+10"]

1. e4 e6 2. c4 Nc6 3. d4 Be7 4. Nc3 b6 5. Nf3 Bb7 6. d5 exd5 7. cxd5 Nb4 8.
a3 Na6 9. Bc4 Nc5 10. b4 Na6 11. Bb2 c5 12. b5 Nb8 13. d6 Bg5 14. Nd5 Bf6
15. e5 Bg5 16. Nc7+ Kf8 17. Bd5 Bxd5 18. Qxd5 Nh6 19. Qxa8 Bf4 20. g3 Bg5
21. Nxg5 g6 22. O-O Nf5 23. Ne4 Nd4 24. Bxd4 cxd4 25. Qd5 d3 26. Rad1 d2
27. Rxd2 Qc8 28. Ng5 Qe8 29. Nxe8 Kxe8 30. Qxf7+ Kd8 31. Rc2 a6 32. Qe7# {
Black checkmated } 1-0

[Event "ICC tourney 2415 (40 10)"]
[Site "Internet Chess Club"]
[Date "2021.02.28"]
[Round "4"]
[White "EHRENBERG, JOSHUA BROOKES:joshebow"]
[Black "Zhang, Jerry:jerryjhzhang"]
[Result "1-0"]
[ICCResult "Black resigns"]
[WhiteElo "880"]
[BlackElo "824"]
[Opening "Giuoco Piano"]
[ECO "C50"]
[NIC "IG.02"]
[Time "17:46:43"]
[PlyCount "67"]
[TimeControl "2400+10"]

1. e4 e5 2. Nf3 Nc6 3. Bc4 Bc5 4. O-O Nf6 5. Ng5 O-O 6. Nf3 Nxe4 7. d3 Nf6
8. Nc3 d6 9. Bg5 h6 10. Bxf6 Qxf6 11. Nd5 Qd8 12. b4 Bb6 13. c3 Ne7 14.
Nxb6 axb6 15. Re1 Ng6 16. Qc2 Re8 17. d4 exd4 18. Qxg6 Be6 19. Qd3 Bxc4 20.
Qxc4 Rxe1+ 21. Rxe1 dxc3 22. Qxc3 Rxa2 23. h3 c5 24. b5 Ra5 25. Qc4 Qa8 26.
Qe2 Kf8 27. Qe7+ Kg8 28. Qxd6 Rxb5 29. Qd7 Ra5 30. Re8+ Qxe8 31. Qxe8+ Kh7
32. Qxf7 b5 33. Qh5 b4 34. Ng5+ { Black resigns } 1-0

[Event "ICC tourney 2415 (40 10)"]
[Site "Internet Chess Club"]
[Date "2021.02.28"]
[Round "4"]
[White "BHOSALE, ARNAV:avbhosale"]
[Black "Buiano, Anthony:Aurora442"]
[Result "1-0"]
[ICCResult "Black checkmated"]
[WhiteElo "531"]
[BlackElo "769"]
[Opening "Philidor's defense"]
[ECO "C41"]
[NIC "KP.10"]
[Time "17:46:26"]
[PlyCount "173"]
[TimeControl "2400+10"]

1. e4 e5 2. Nf3 d6 3. Bc4 Be6 4. Bxe6 fxe6 5. d4 Nd7 6. dxe5 dxe5 7. Nc3
Ngf6 8. Bg5 Be7 9. Bxf6 Bxf6 10. h3 a6 11. a4 Qe7 12. Qd2 h6 13. g4 g5 14.
b3 h5 15. gxh5 Rxh5 16. Rg1 O-O-O 17. Rg3 Rdh8 18. Ng1 g4 19. hxg4 Rh1 20.
g5 Bg7 21. Ne2 Nc5 22. f3 R1h2 23. b4 Rd8 24. Qe3 Nd7 25. c3 Nb6 26. b5 Nc4
27. Qa7 Kd7 28. bxa6 bxa6 29. Qxa6 Ne3 30. Qd3+ Ke8 31. Qxe3 Rb8 32. Qd3
Kf7 33. g6+ Kg8 34. Rd1 Bf8 35. Qd7 Rb2 36. g7 Qxd7 37. gxf8=Q+ Kxf8 38.
Rxd7 Rb1+ 39. Kd2 Rb2+ 40. Ke3 Ra2 41. Rxc7 Rxa4 42. Rgg7 Ra8 43. Rcf7+ Ke8
44. Rg8+ Kxf7 45. Rxa8 Kf6 46. Rf8+ Ke7 47. Rg8 Kd6 48. f4 exf4+ 49. Kxf4
Rh4+ 50. Rg4 e5+ 51. Kf5 Rh5+ 52. Rg5 Rh8 53. Rg6+ Kc5 54. Kxe5 Re8+ 55.
Re6 Ra8 56. Nf4 Kc4 57. Rc6+ Kb3 58. Nge2 Re8+ 59. Ne6 Rh8 60. N2d4+ Kb2
61. Nc5 Rh5+ 62. Nf5 Kxc3 63. Ne6+ Kd2 64. Nd4 Rh8 65. Rc2+ Kd3 66. Kf4 Re8
67. e5 Rh8 68. e6 Re8 69. e7 Rxe7 70. Nxe7 Kxd4 71. Rd2+ Kc3 72. Ke3 Kc4
73. Nf5 Kc3 74. Nd4 Kc4 75. Rc2+ Kd5 76. Nf3 Ke6 77. Rd2 Kf5 78. Nd4+ Ke5
79. Nc6+ Kf5 80. Rd4 Ke6 81. Kf4 Kf6 82. Rd6+ Kf7 83. Kf5 Kg7 84. Ne5 Kf8
85. Kf6 Ke8 86. Rd7 Kf8 87. Rd8# { Black checkmated } 1-0

[Event "ICC tourney 2415 (40 10)"]
[Site "Internet Chess Club"]
[Date "2021.02.28"]
[Round "4"]
[White "HUA, OLIVER:oxdidi"]
[Black "Murthy, Gautam:ggmurthy"]
[Result "1-0"]
[ICCResult "Black resigns"]
[WhiteElo "993"]
[BlackElo "672"]
[Opening "Caro-Kann: advance variation"]
[ECO "B12"]
[NIC "CK.04"]
[Time "17:47:16"]
[PlyCount "59"]
[TimeControl "2400+10"]

1. e4 c6 2. d4 d5 3. e5 Bf5 4. Nf3 f6 5. Nc3 e6 6. Be2 c5 7. Be3 Nc6 8. Bb5
Qc7 9. O-O O-O-O 10. Bxc6 Qxc6 11. Re1 Qb6 12. b3 Qa5 13. Qd2 Bg4 14. exf6
Nxf6 15. Ne5 Bh5 16. Reb1 Bd6 17. a3 Qb6 18. Na4 Qa6 19. Nxc5 Bxc5 20. dxc5
Nd7 21. Nd3 b6 22. c6 Nb8 23. Nb4 Qa5 24. c7 Kxc7 25. Qc3+ Kb7 26. Qxg7+
Kc8 27. Qc3+ Kb7 28. Bf4 Rc8 29. Qe5 Rhg8 30. Qxh5 { Black resigns } 1-0